 Dungeon Crawl Stone Soup version 0.20.1-1-g8b1a95d (webtiles) character file.

69 Llamajah the Covered (level 4, -1/35 HPs)
             Began as a Formicid Fighter on Aug 28, 2017.
             Slain by a gnoll
             ... wielding a +0 club
              (2 damage)
             ... on level 2 of the Dungeon.
             The game lasted 00:03:21 (1238 turns).

Llamajah the Covered (Formicid Fighter)             Turns: 1238, Time: 00:03:22

Health: -1/35      AC:  8    Str: 21    XL:     4   Next: 42%
Magic:  4/4        EV:  8    Int: 11    God:
Gold:   46         SH:  9    Dex: 10    Spells: 3/3 levels left

rFire    . . .     SeeInvis +   a - +0 flail
rCold    . . .     Gourm    .   c - +0 shield
rNeg     . . .     Faith    .   b - +0 scale mail
rPois    .         Spirit   .   (helmet unavailable)
rElec    .         Reflect  .   (no cloak)
rCorr    .         Harm     .   (no gloves)
MR       .....                  p - +0 pair of boots (curse)
Stlth    ..........             (no amulet)
Regen    0.2/turn               h - +3 ring of intelligence
MPRegen  0.1/turn               q - ring of loudness (curse)

@: no status effects
A: permanent stasis, dig shafts and tunnels, four strong arms, antennae 3
a: Dig, Shaft Self


You were on level 2 of the Dungeon.
You were very hungry.

You visited 1 branch of the dungeon, and saw 2 of its levels.

You collected 46 gold pieces.

Inventory:

Hand Weapons
 a - a +0 flail (weapon)
Armour
 b - a +0 scale mail (worn)
 c - a +0 shield (worn)
 n - a +0 pair of boots
 p - a cursed +0 pair of boots (worn)
Jewellery
 h - a +3 ring of intelligence (left hand)
 q - a cursed ring of loudness (right hand)
Scrolls
 i - 2 scrolls of random uselessness {unknown}
 l - 2 scrolls of enchant weapon {unknown}
 o - a scroll of fog {unknown}
 s - 3 scrolls of identify {unknown}
Potions
 d - a potion of might
 e - 5 potions of curing {unknown}
 g - a potion of agility {unknown}
 j - a potion of heal wounds {unknown}
Comestibles
 f - 2 bread rations
 k - 2 royal jellies
 m - a fruit
 r - a meat ration


   Skills:
 + Level 3.4 Fighting
 * Level 2.8 Maces & Flails
 * Level 4.1 Armour
 + Level 1.1 Dodging
 + Level 3.9 Shields


You had 3 spell levels left.
You didn't know any spells.

Dungeon Overview and Level Annotations

Branches:
Dungeon (2/15)

Altars:
Qazlal
Trog
Uskayaw


Innate Abilities, Weirdness & Mutations

You cannot be hasted, slowed, berserked, paralysed or teleported.
You can dig through walls and to a lower floor.
Your four strong arms can wield two-handed weapons with a shield.
You have a pair of large antennae on your head. (SInv)


Message History

You block the gnoll's attack. The gnoll hits you with a spear.
You block the gnoll's attack. The gnoll hits you but does no damage.
The gnoll hits you from afar with a spear.
Your shield and scale mail prevent you from hitting the gnoll.
The gnoll is moderately wounded.
The gnoll barely misses you. You block the gnoll's attack.
The gnoll barely misses you. The gnoll hits you but does no damage.
The gnoll hits you with a spear.
Your shield and scale mail prevent you from hitting the gnoll.
The gnoll is moderately wounded.
The gnoll barely misses you.
The gnoll hits you from afar with a spear.
The gnoll hits you with a club!
* * * LOW HITPOINT WARNING * * *
The gnoll hits you with a spear.
* * * LOW HITPOINT WARNING * * *
The gnoll hits you with a whip.
* * * LOW HITPOINT WARNING * * *
The gnoll hits you but does no damage. The gnoll hits you with a club.
You die...

#...'≈⌠>≈≈≈......#
#...'≈._≈#.......#
#...#≈≈≈≈#.......#########
#...#≈###≈.≈.....#.......########
#...≈≈≈≈.........##..###)........
......≈≈..≈......###..###########
......≈..........# ##.## ##.
.....<.........gg####..##### #..
####..........gg@.)..†.....####..
##..........##...###.......#..
#####>..##.####..#####.......
##..##..####....#####....
#...##...#####...####...
##..####...# ###..#..... #..#
###.## ##....... #..## #..##
#....... #...### ##..####.......


You could see 4 gnolls.

Vanquished Creatures
  An adder (D:2)
  An ooze (D:2)
  2 worms (D:2)
  2 dart slugs (D:1)
  3 giant cockroaches
  6 goblins
  4 hobgoblins
  4 jackals (D:1)
  A quokka (D:2)
  5 bats
  A frilled lizard (D:2)
  8 kobolds
  6 rats
44 creatures vanquished.

Notes
Turn   | Place    | Note
-------+----------+-------------------------------------------
     0 | D:1      | Llamajah the Formicid Fighter began the quest for the Orb.
     0 | D:1      | Reached XP level 1. HP: 18/18 MP: 1/1
   291 | D:1      | Reached XP level 2. HP: 22/24 MP: 2/2
   502 | D:1      | Reached XP level 3. HP: 29/29 MP: 3/3
   719 | D:2      | Found a bloodstained altar of Trog.
   719 | D:2      | Found a hide-covered altar of Uskayaw.
   724 | D:2      | Noticed a dagger
   725 | D:2      | Noticed a dagger
   937 | D:2      | Reached skill level 4 in Armour
   941 | D:2      | Reached XP level 4. HP: 35/35 MP: 4/4
   959 | D:2      | Reached skill level 1 in Dodging
  1050 | D:2      | Found a stormy altar of Qazlal.
  1238 | D:2      | HP: 1/35 [gnoll/whip (5)]
  1238 | D:2      | Slain by a gnoll

Skill      XL: |  1  2  3  4 |
---------------+-------------+-----
Armour         | 4 |  4.1
Dodging        | 1 |  1.1
Fighting       | |  3.4
Maces & Flails | |  2.8
Shields        | |  3.9

Action                   |  1- 3 |  4- 6 || total
-------------------------+-------+-------++-------
Melee: Flail             |    75 |    34 ||   109
Armor: Scale mail        |    41 |    15 ||    56
Dodge: Dodged            |    49 |    13 ||    62
Block: Shield            |    67 |    31 ||    98
